 Dungeon Crawl Stone Soup version 0.30.0-29-ga12c61a403 (webtiles) character file.

Game seed: 12033748071980728776

2432 qw the Cleaver (level 9, -5/55 HPs)
             Began as a Gargoyle Fighter on June 4, 2023.
             Was a Believer of Okawaru.
             Slain by an orc warrior
             ... wielding a +0 glaive
              (10 damage)
             ... on level 7 of the Dungeon.
             The game lasted 00:02:51 (5664 turns).

qw the Cleaver (Gargoyle Fighter)                   Turns: 5664, Time: 00:02:51

Health: -5/55      AC: 26    Str: 25    XL:     9   Next: 48%
Magic:  11/12      EV:  8    Int: 11    God:    Okawaru [**....]
Gold:   105        SH:  5    Dex:  9    Spells: 8/8 levels left

rFire   + . .        Y - +2 war axe
rCold   + . .        c - +0 buckler
rNeg    + . .        g - +0 plate armour
rPois   inf          (no helmet)
rElec   +            n - scarf {rC+ rF+}
rCorr   .            (no gloves)
SInv    .            j - +0 pair of boots
Will    .....        x - amulet of faith Stlth
                     b - +4 ring of protection
HPRegen 0.29/turn    k - ring "Baut" {+Blink Int+3 Slay+4}
MPRegen 0.13/turn

%: faith
@: about to teleport, heroic
A: sickness immunity, AC +6, negative energy resistance 1, electricity
resistance, torment resistance 1, petrification resistance
a: Renounce Religion, Evoke Blink, Heroism


You were on level 7 of the Dungeon.
You worshipped Okawaru.
Okawaru was pleased with you.
You visited 2 branches of the dungeon, and saw 8 of its levels.

You collected 378 gold pieces.
You spent 273 gold pieces at shops.


Innate Abilities, Weirdness & Mutations

You are immune to sickness and miasma.
Your stone body is resilient. (AC +6)
You are immune to poison.
You resist negative energy. (rN+)
You are resistant to electric shocks. (rElec)
You are resistant to unholy torment.
You are immune to petrification.


   Skills:
 - Level 6.1(11.1) Fighting
 + Level 8.9(13.9) Axes
 - Level 3.1(8.1) Throwing
 - Level 5.0(10.0) Armour
 - Level 1.0(6.0) Dodging
 - Level 3.2(8.2) Shields
 - Level 4.0 Invocations


You had 8 spell levels left.
You didn't know any spells.
Your spell library was empty.

Inventory:

Hand Weapons
 m - a +0 flail
 Y - a +2 war axe (weapon)
Missiles
 s - 3 boomerangs
 y - 4 silver boomerangs (quivered)
Armour
 c - a +0 buckler (worn)
 g - a +0 plate armour (worn)
 j - a +0 pair of boots (worn)
 n - a scarf of resistance (worn)
 o - a +0 cloak
 t - a +0 pair of gloves
Jewellery
 b - a +4 ring of protection (left hand)
 k - the ring "Baut" (right hand) {+Blink Int+3 Slay+4}
   (You found it on level 4 of the Dungeon)

   [ring of slaying]

   Int:       It affects your intelligence (+3).
   Slay:      It affects your accuracy & damage with ranged weapons and melee
   (+4).
   +Blink:    It lets you blink.
 p - a ring of ice
 q - a ring of fire
 x - an amulet of faith (around neck)
Scrolls
 f - a scroll of identify
 i - a scroll of teleportation
 v - a scroll of blinking {unknown}
Potions
 a - a potion of attraction
 d - 2 potions of might
 e - 3 potions of curing
 h - a potion of haste
 l - 10 potions of heal wounds
 r - a potion of lignification
 u - a potion of mutation {unknown}
 z - a potion of invisibility {unknown}

Dungeon Overview and Level Annotations

Branches:
Dungeon (7/15)             Temple (1/1) D:5

Altars:
Ashenzari
Cheibriados
Dithmenos
Elyvilon
Fedhas
Hepliaklqana
Nemelex Xobeh
Okawaru
Qazlal
Ru
Sif Muna
Trog
Uskayaw
Wu Jian
Yredelemnul
Zin
The Shining One

Shops:
D:1 =   D:6 *!


Message History

Okawaru accepts your kill.
You hit the gnoll. The gnoll hits you but does no damage.
The gnoll closely misses you.
The orc warrior hits you but does no damage.
The orc warrior barely misses you.
You slash the gnoll!
You kill the gnoll!
The gnoll's corpse dissolves into shadows!
You hit the orc priest.
You hit the orc warrior but do no damage.
You block the gnoll's attack.
The orc priest calls down the wrath of Beogh upon you.
Beogh smites you! The orc barely misses you.
The orc warrior hits you but does no damage. x2
You barely miss the orc warrior.
The orc warrior is lightly wounded.
You hit the orc priest. The gnoll closely misses you.
The orc priest hits you with a +0 flail.
You block the orc's attack.
The orc warrior hits you but does no damage.
The orc warrior hits you from afar with a +0 glaive.
You hit the orc priest.
The orc priest is severely wounded.
You slash the orc wizard! You slash the orc warrior!
You block the gnoll's attack.
The orc priest looks braver for a moment.
The orc hits you from afar with a +0 trident.
The orc warrior hits you but does no damage.
You block the orc wizard's attack.
The orc warrior hits you from afar with a +0 glaive!
5664 ||| READING 2 scrolls of teleportation.
As you read the scroll of teleportation, it crumbles to dust.
You feel strangely unstable. The gnoll barely misses you.
The orc priest hits you but does no damage.
You block the orc's attack.
The orc warrior hits you but does no damage.
The orc warrior hits you from afar with a +0 glaive!
You die...

..# ### ..##.. .# .....
##.# #...# #..#
#...###### #..#
#oo.g.(..## #..#
#..oo(..... ##..#
#.o@)...... ##...###
##.......... .......##
#...........
...#....#####...#######.
...###....##....# ..##
##....#....#.. .##
###........... .#
##.........# ##
#.........#


You could see 2 orc warriors, an orc priest (summoned), an orc wizard
(summoned), a gnoll (summoned) and an orc (summoned).

Vanquished Creatures
  Prince Ribbit (D:7)
  Grinder (D:3)
  Sigmund (D:5)
  A steam dragon (D:6)
  Eustachio (D:5)
  Menkaure (D:7)
  2 water moccasins
  An orc warrior (D:6)
  An ice beast (D:6)
  An ogre (D:5)
  A centaur (D:6)
  A phantom (D:7)
  4 bullfrogs
  A howler monkey (D:7)
  4 hounds
  An orc priest (D:6)
  2 jellies
  3 sleepcaps
  2 iguanas
  An orc wizard (D:4)
  5 adders
  2 ufetubi
  A worm (D:4)
  4 dart slugs
  30 orcs
  4 bats
  8 endoplasms
  4 giant cockroaches
  3 hobgoblins
  7 jackals
  5 kobolds
  5 quokkas
  11 ball pythons
  3 frilled lizards
  4 goblins
  4 rats
131 creatures vanquished.

Vanquished Creatures (others)
  An orc (D:6)
1 creature vanquished.

Grand Total: 132 creatures vanquished

Notes
Turn   | Place    | Note
-------+----------+-------------------------------------------
     0 | D:1      | qw the Gargoyle Fighter began the quest for the Orb.
     0 | D:1      | Reached XP level 1. HP: 14/14 MP: 1/1
     0 | D:1      | 0 ||| qw: Version: 0.2-a-107-g4668610
     0 | D:1      | 0 ||| qw: Game counter: 1229
     0 | D:1      | 0 ||| qw: Always use a shield: true
     0 | D:1      | 0 ||| qw: God list: Okawaru
     0 | D:1      | 0 ||| qw: Allow faded altars: false
     0 | D:1      | 0 ||| qw: Do Orc after D:15 true
     0 | D:1      | 0 ||| qw: Do second Lair branch before Depths: true
     0 | D:1      | 0 ||| qw: Lair rune preference: random
     0 | D:1      | 0 ||| qw: Plans: Normal, Zot:1-4, Slime:5, God:TSO, Crypt,
                  | Tomb, Abyss, Pan, Hells, Win
     0 | D:1      | 0 ||| PLANNING D:1-11
    61 | D:1      | Reached skill level 2 in Axes
    93 | D:1      | 93 ||| Stepping ~*~*~tactically~*~*~ (hiding).
   130 | D:1      | Reached XP level 2. HP: 19/19 MP: 2/2
   176 | D:1      | 176 ||| DROPPING +0 club.
   521 | D:1      | 521 ||| Stepping ~*~*~tactically~*~*~ (hiding).
   524 | D:1      | 524 ||| Stepping ~*~*~tactically~*~*~ (hiding).
   526 | D:1      | 526 ||| Stepping ~*~*~tactically~*~*~ (hiding).
   705 | D:1      | Found Xocayk's Jewellery Boutique.
   707 | D:1      | 707 ||| SHOPLISTING +6 ring of dexterity (396 gold, have
                  | 38).
   707 | D:1      | 707 ||| SHOPLISTING +6 ring of strength (396 gold, have
                  | 38).
   707 | D:1      | 707 ||| SHOPLISTING amulet of reflection (330 gold, have
                  | 38).
   707 | D:1      | 707 ||| SHOPLISTING ring of ice (275 gold, have 38).
   707 | D:1      | 707 ||| SHOPLISTING ring of resist corrosion (220 gold,
                  | have 38).
   707 | D:1      | 707 ||| SHOPLISTING ring of willpower (275 gold, have 38).
   816 | D:1      | Found a faded altar of an unknown god.
   827 | D:1      | Reached skill level 3 in Axes
  1123 | D:1      | 1123 ||| UPGRADING to +0 plate armour.
  1133 | D:1      | 1133 ||| DROPPING +0 scale mail.
  1134 | D:1      | 1134 ||| UPGRADING to +0 pair of boots.
  1139 | D:1      | 1139 ||| UPGRADING to scarf of resistance.
  1144 | D:1      | 1144 ||| READING 3 scrolls labelled ELINKU BYXZE.
  1145 | D:1      | 1145 ||| READING 2 scrolls labelled JUOXTIFFIA.
  1146 | D:1      | 1146 ||| READING scroll labelled DADO JYSAALEOB.
  1147 | D:1      | 1147 ||| READING scroll labelled DUMEM BUDO.
  1152 | D:1      | 1152 ||| READING 2 scrolls labelled NUIT VYHE.
  1153 | D:1      | 1153 ||| READING scroll labelled DENETW JOANLUNAC.
  1154 | D:1      | 1154 ||| DROPPING 2 scrolls of summoning.
  1155 | D:1      | 1155 ||| DROPPING scroll of amnesia.
  1207 | D:2      | Reached XP level 3. HP: 23/23 MP: 3/3
  1268 | D:2      | 1268 ||| Stepping ~*~*~tactically~*~*~ (stealth).
  1286 | D:2      | 1286 ||| Stepping ~*~*~tactically~*~*~ (stealth).
  1288 | D:2      | 1288 ||| Stepping ~*~*~tactically~*~*~ (stealth).
  1759 | D:2      | 1759 ||| READING scroll labelled XAKHUPNEMIR.
  1760 | D:2      | 1760 ||| DRINKING 3 fuming purple potions.
  1778 | D:3      | 1778 ||| Stepping ~*~*~tactically~*~*~ (hiding).
  1781 | D:3      | 1781 ||| Stepping ~*~*~tactically~*~*~ (stealth).
  1787 | D:3      | 1787 ||| Stepping ~*~*~tactically~*~*~ (hiding).
  1796 | D:3      | Reached XP level 4. HP: 22/28 MP: 4/4
  1887 | D:3      | 1887 ||| Stepping ~*~*~tactically~*~*~ (stealth).
  1957 | D:3      | 1957 ||| Stepping ~*~*~tactically~*~*~ (hiding).
  1967 | D:3      | Reached skill level 4 in Axes
  2102 | D:3      | Noticed Grinder
  2103 | D:3      | 2103 ||| Stepping ~*~*~tactically~*~*~ (hiding).
  2109 | D:3      | 2109 ||| Stepping ~*~*~tactically~*~*~ (hiding).
  2111 | D:3      | 2111 ||| Stepping ~*~*~tactically~*~*~ (hiding).
  2113 | D:3      | Paralysed by Grinder for 5 turns
  2136 | D:3      | 2136 ||| FLEEEEING.
  2137 | D:3      | 2137 ||| FLEEEEING.
  2138 | D:3      | Paralysed by Grinder for 4 turns
  2143 | D:3      | Killed Grinder
  2144 | D:3      | Reached skill level 5 in Axes
  2144 | D:3      | Reached XP level 5. HP: 22/32 MP: 5/5
  2144 | D:3      | Reached XP level 6. HP: 25/37 MP: 6/6
  2374 | D:3      | 2374 ||| UPGRADING to +4 ring of protection.
  2424 | D:4      | Identified the ring "Baut" {+Blink Int+3 Slay+4}
  2569 | D:4      | 2569 ||| DROPPING +0 whip.
  2631 | D:4      | 2631 ||| Stepping ~*~*~tactically~*~*~ (stealth).
  2709 | D:4      | 2709 ||| Stepping ~*~*~tactically~*~*~ (hiding).
  2710 | D:4      | 2710 ||| Stepping ~*~*~tactically~*~*~ (hiding).
  2715 | D:4      | Reached skill level 6 in Axes
  2715 | D:4      | 2715 ||| Stepping ~*~*~tactically~*~*~ (hiding).
  2827 | D:4      | 2827 ||| Stepping ~*~*~tactically~*~*~ (hiding).
  2828 | D:4      | 2828 ||| Stepping ~*~*~tactically~*~*~ (hiding).
  2968 | D:4      | 2968 ||| UPGRADING to ring "Baut" {+Blink Int+3 Slay+4}.
  2969 | D:4      | 2969 ||| READING scroll labelled LUIHUV ZOPP.
  3070 | D:4      | 3070 ||| READING scroll labelled NANLIN URIL.
  3071 | D:4      | 3071 ||| DRINKING 2 green potions.
  3072 | D:4      | 3072 ||| DRINKING 2 brown potions.
  3073 | D:4      | 3073 ||| DRINKING 2 inky potions.
  3118 | D:4      | 3118 ||| DROPPING potion of flight.
  3145 | D:5      | Entered Level 5 of the Dungeon
  3180 | D:5      | Noticed a water moccasin
  3187 | D:5      | Killed a water moccasin
  3188 | D:5      | Reached XP level 7. HP: 43/43 MP: 7/7
  3214 | D:5      | Found a staircase to the Ecumenical Temple.
  3216 | D:5      | 3216 ||| PLANNING TEMPLE
  3224 | Temple   | Entered the Ecumenical Temple
  3263 | Temple   | 3263 ||| PLANNING OKAWARU WORSHIP
  3412 | Temple   | Became a worshipper of Warmaster Okawaru
  3412 | Temple   | 3412 ||| PLANNING D:1-11
  3449 | D:5      | Noticed Eustachio
  3450 | D:5      | 3450 ||| Stepping ~*~*~tactically~*~*~ (stealth).
  3451 | D:5      | 3451 ||| Stepping ~*~*~tactically~*~*~ (stealth).
  3458 | D:5      | 3458 ||| Stepping ~*~*~tactically~*~*~ (hiding).
  3487 | D:5      | Killed Eustachio
  3488 | D:5      | Reached skill level 7 in Axes
  3736 | D:5      | Noticed Sigmund
  3737 | D:5      | 3737 ||| Stepping ~*~*~tactically~*~*~ (hiding).
  3748 | D:5      | Killed Sigmund
  3748 | D:5      | Reached * piety under Okawaru
  3749 | D:5      | Reached XP level 8. HP: 51/51 MP: 8/8
  4046 | D:5      | 4046 ||| DRINKING 2 glowing dark potions.
  4059 | D:6      | Found Obaofunt's Distillery.
  4067 | D:6      | Reached skill level 1 in Dodging
  4067 | D:6      | Reached skill level 1 in Invocations
  4092 | D:6      | 4092 ||| BUYING 2 potions of heal wounds (130 gold).
  4092 | D:6      | Bought 2 potions of heal wounds for 130 gold pieces
  4092 | D:6      | 4092 ||| SHOPLISTING 2 potions of mutation (208 gold, have
                  | 161).
  4092 | D:6      | 4092 ||| BUYING potion of curing (39 gold).
  4092 | D:6      | Bought a potion of curing for 39 gold pieces
  4092 | D:6      | 4092 ||| BUYING potion of curing (39 gold).
  4092 | D:6      | Bought a potion of curing for 39 gold pieces
  4092 | D:6      | 4092 ||| SHOPLISTING potion of haste (130 gold, have 83).
  4092 | D:6      | 4092 ||| BUYING potion of heal wounds (65 gold).
  4092 | D:6      | Bought a potion of heal wounds for 65 gold pieces
  4092 | D:6      | 4092 ||| SHOPLISTING potion of heal wounds (65 gold, have
                  | 18).
  4092 | D:6      | 4092 ||| SHOPLISTING potion of lignification (39 gold, have
                  | 18).
  4092 | D:6      | 4092 ||| SHOPLISTING potion of resistance (130 gold, have
                  | 18).
  4200 | D:6      | 4200 ||| Stepping ~*~*~tactically~*~*~ (stealth).
  4202 | D:6      | 4202 ||| INVOKING Heroism.
  4211 | D:6      | Reached skill level 1 in Throwing
  4219 | D:6      | 4219 ||| INVOKING Heroism.
  4223 | D:6      | Reached skill level 3 in Invocations
  4237 | D:6      | Reached ** piety under Okawaru
  4358 | D:6      | 4358 ||| INVOKING Heroism.
  4362 | D:6      | 4362 ||| Stepping ~*~*~tactically~*~*~ (hiding).
  4397 | D:6      | 4397 ||| READING scroll of enchant weapon.
  4397 | D:6      | 4397 ||| ENCHANTING +1 war axe.
  4469 | D:6      | 4469 ||| INVOKING Heroism.
  4504 | D:6      | 4504 ||| INVOKING Heroism.
  4512 | D:6      | Reached skill level 8 in Axes
  4512 | D:6      | Reached XP level 9. HP: 38/55 MP: 9/12
  4512 | D:6      | 4512 ||| Stepping ~*~*~tactically~*~*~ (stealth).
  4514 | D:6      | 4514 ||| Stepping ~*~*~tactically~*~*~ (stealth).
  4520 | D:6      | Reached skill level 6 in Fighting
  4594 | D:6      | Found Zin's Purification Station.
  4594 | D:6      | Found a glowing silver altar of Zin.
  4602 | D:6      | 4602 ||| SHOPLISTING potion of curing (90 gold, have 59).
  4999 | D:6      | 4999 ||| UPGRADING to amulet of faith.
  5004 | D:6      | 5004 ||| READING scroll labelled XEHAMP TEMULA.
  5005 | D:6      | 5005 ||| READING scroll labelled MOGEACR XERIEDGH.
  5006 | D:6      | 5006 ||| DRINKING 2 emerald potions.
  5007 | D:6      | 5007 ||| READING 2 scrolls of identify.
  5007 | D:6      | 5007 ||| IDENTIFYING fuming ruby potion
  5008 | D:6      | 5008 ||| DROPPING potion of berserk rage.
  5048 | D:7      | Noticed Prince Ribbit
  5049 | D:7      | 5049 ||| INVOKING Heroism.
  5059 | D:7      | Killed Prince Ribbit
  5060 | D:7      | Reached skill level 3 in Throwing
  5129 | D:7      | 5129 ||| INVOKING Heroism.
  5159 | D:7      | 5159 ||| DROPPING +0 whip of electrocution.
  5387 | D:7      | 5387 ||| Stepping ~*~*~tactically~*~*~ (stealth).
  5388 | D:7      | 5388 ||| Stepping ~*~*~tactically~*~*~ (stealth).
  5567 | D:7      | Noticed Menkaure
  5568 | D:7      | 5568 ||| INVOKING Heroism.
  5571 | D:7      | Killed Menkaure
  5640 | D:7      | Identified the +0 long sword "Uddagafe" {freeze, +Blink
                  | rC++}
  5650 | D:7      | 5650 ||| INVOKING Heroism.
  5663 | D:7      | HP: 4/55 [orc warrior/+0 glaive (15)]
  5664 | D:7      | 5664 ||| READING 2 scrolls of teleportation.
  5664 | D:7      | Slain by an orc warrior

Levels and vault maps discovered:
D:1:      amcnicky_arrival_abandoned_market, layout_loops_corners, serial_shops,
          nicolae_shop_gaudy_bauble, hellmonk_ecumenical_altar_lost_god
D:2:      layout_loops_ring
D:3:      layout_basic, uniq_grinder
D:4:      layout_cave_pools
D:5:      layout_layer_cave, minmay_temple_entry_ruins, uniq_sigmund,
          uniq_eustachio
D:6:      layout_basic, zin_purify, serial_shops, nicolae_stop_n_shop_2,
          hangedman_decor_peaks_small, minmay_between
D:7:      layout_layer_cave, serial_glass, glass_columns_a, glass_columns_a,
          uniq_prince_ribbit1, uniq_menkaure
Temple:   regret_index_temple_sphere_string

Skill      XL: |  1  2  3  4  5  6  7  8  9 |
---------------+----------------------------+-----
Axes           | 2 3 5 6 7 8 |  8.9
Fighting       | 4 5 6 |  6.1
Armour         | 4 5 |  5.0
Dodging        | 1 |  1.0
Invocations    | 4 |  4.0
Throwing       | 1 3 |  3.1
Shields        | |  3.2

Action                     |  1- 3 |  4- 6 |  7- 9 || total
---------------------------+-------+-------+-------++-------
  Melee: War axe           |   103 |   127 |   131 ||   361
  Throw: Boomerang         |       |    12 |    30 ||    42
         Javelin           |       |       |    18 ||    18
 Invoke: Heroism           |       |       |     9 ||     9
    Use: Scroll            |     7 |     2 |     5 ||    14
         Potion            |     1 |     3 |     2 ||     6
 Armour: Scale mail        |    23 |       |       ||    23
         Plate armour      |    46 |   121 |    98 ||   265
  Dodge: Dodged            |    28 |    47 |    44 ||   119
  Block: Buckler           |    16 |    25 |    31 ||    72

Table legend:
 A = Non-vault XP
 B = Vault XP
 C = Vault XP percentage of total XP
 D = Non-vault monster count
 E = Vault monster count
 F = Vault count percentage of total count
                 A         B        C        D         E       F
            +---------+---------+-------+---------+---------+-------
      Total |    2291 |    1184 |  34.1 |     124 |       7 |   5.3
            +---------+---------+-------+---------+---------+-------
        D:1 |      32 |       0 |   0.0 |      18 |       0 |   0.0
        D:2 |      41 |       0 |   0.0 |      18 |       0 |   0.0
        D:3 |      43 |     277 |  86.6 |      19 |       1 |   5.0
        D:4 |     191 |       0 |   0.0 |      28 |       0 |   0.0
        D:5 |     413 |     411 |  49.9 |       6 |       2 |  25.0
        D:6 |    1068 |      27 |   2.5 |      21 |       2 |   8.7
        D:7 |     503 |     469 |  48.3 |      14 |       2 |  12.5
            +---------+---------+-------+---------+---------+-------
